 Dungeon Crawl Stone Soup version 0.28.0-53-g5a82cb258f (webtiles) character file.

Game seed: 13957348855131947894

219 CryoSword the Chopper (level 5, -6/64 HPs)
             Began as a Demonspawn Fighter on May 26, 2022.
             Was a Follower of Fedhas.
             Mangled by a kobold brigand
             ... wielding a +0 short sword
              (7 damage)
             ... in a sewer.
             The game lasted 00:03:49 (3402 turns).

CryoSword the Chopper (Demonspawn Fighter)          Turns: 3402, Time: 00:03:49

Health: -6/64      AC:  7    Str: 18    XL:     5   Next: 64%
Magic:  6/6        EV:  9    Int: 10    God:    Fedhas [*.....]
Gold:   68         SH:  4    Dex: 12    Spells: 4/4 levels left

rFire   . . .      SeeInvis .   a - +0 war axe
rCold   . . .      Faith    .   c - +0 buckler
rNeg    + . .      Spirit   .   b - +0 scale mail
rPois   .          Reflect  .   (helmet restricted)
rElec   +          Harm     .   (no cloak)
rCorr   .          Rampage  .   (no gloves)
Will    .....      Rage     1%  (no boots)
Stlth   ..........              (no amulet)
HPRegen 0.20/turn               i - ring of positive energy
MPRegen 0.10/turn               (no ring)

@: berserking, lethally poisoned (-6 -> -7), attractive, hasted, very quick
A: antennae 2, rugged brown scales 1, berserk 1, electricity resistance
a: Renounce Religion


You were in a sewer.
You worshipped Fedhas.
Fedhas was aware of your devotion.
You visited 1 branch of the dungeon, and saw 3 of its levels.
You also visited: Sewer.

You collected 68 gold pieces.

Inventory:

Hand Weapons
 a - a +0 war axe (weapon)
Armour
 b - a +0 scale mail (worn)
 c - a +0 buckler (worn)
Jewellery
 i - a ring of positive energy (left hand)
   (You found it on level 1 of the Dungeon)
 j - a ring of ice
   (You found it on level 1 of the Dungeon)
 k - a ring of fire
   (You found it on level 2 of the Dungeon)
Scrolls
 e - a scroll of noise {unknown}
 g - 2 scrolls of identify {unknown}
 l - a scroll of enchant weapon {unknown}
 m - a scroll of amnesia {unknown}
Potions
 f - a potion of mutation {!q}


   Skills:
 + Level 3.9 Fighting
 * Level 4.1 Axes
 - Level 2.6 Armour
 + Level 3.4 Shields
 + Level 1.4 Invocations


You had 4 spell levels left.
You didn't know any spells.
Your spell library contained the following spells:

 Spells                   Type           Power      Damage    Failure   Level
 Blink                    Tloc           0%         N/A       94%         2
 Lesser Beckoning         Tloc           0%         N/A       99%         3
 Summon Guardian Golem    Hex/Summ       0%         N/A       99%         3
 Manifold Assault         Tloc           0%         N/A       100%        5
 Orb of Destruction       Conj           0%         9d5       100%        7
 Spellforged Servitor     Conj/Summ      0%         N/A       100%        7


Dungeon Overview and Level Annotations

Branches:
Dungeon (3/15)              Sewer (1/1)

Altars:
Fedhas

Shops:
D:1 :


Innate Abilities, Weirdness & Mutations

You have a pair of antennae on your head.
You are partially covered in rugged brown scales. (AC +1, +3% HP)
You tend to lose your temper in combat.
You are resistant to electric shocks. (rElec)


Message History

Your unstable footing causes you to fumble your attack.
The giant cockroach barely misses you.
The giant cockroach bites you but does no damage.
You closely miss the giant cockroach.
The giant cockroach splashes around in the water.
Your unstable footing causes you to fumble your attack.
The giant cockroach barely misses you.
The giant cockroach splashes around in the water.
You hit the giant cockroach but do no damage.
The giant cockroach bites you but does no damage.
The giant cockroach bites you.
You slash the giant cockroach!
You kill the giant cockroach!
Fedhas appreciates your contribution to the ecosystem.
You slash the rat!
You kill the rat!
Fedhas appreciates your contribution to the ecosystem.
You hear the rusting of a drain.
Found a glowing drain.
There is a glowing drain here.
You start resting.
You hear the brisk rusting of a drain.
You start resting.
You hear the brisk rusting of a drain.
You start resting.
The world spins around you as you enter the gateway.
You enter a sewer!
Found a gate leading back out of this place.
There is an empty arch of ancient stone here.
You barely miss the rat. The rat bites you but does no damage.
You barely miss the rat. The rat bites you but does no damage.
You completely miss the rat. The rat closely misses you.
You hit the rat.
You kill the rat!
Fedhas appreciates your contribution to the ecosystem.
You closely miss the rat. The rat barely misses you.
You closely miss the rat. The rat bites you but does no damage.
You completely miss the rat. The rat barely misses you.
You hit the rat. The rat barely misses you. x2
You hit the rat.
You kill the rat!
Fedhas appreciates your contribution to the ecosystem.
There is an empty arch of ancient stone here.
There is a gate leading back out of this place here.
There is a gate leading back out of this place here.
There is an empty arch of ancient stone here.
You enter the shallow water.
Moving in this stuff is going to be slow.
Found a gate leading back out of this place.
You enter the shallow water.
Moving in this stuff is going to be slow.
You enter the shallow water.
Moving in this stuff is going to be slow.
A kobold and a jackal come into view.
The kobold shouts!
The jackal barks!
You hear a shout!
There are monsters nearby!
A kobold comes into view. It is wielding a +0 short sword.
The kobold shouts!
A kobold brigand comes into view.
It is wielding a +0 short sword and quivering poisoned darts.
A kobold comes into view.
It is wielding a +0 dagger and quivering poisoned darts.
The kobold shouts!
A kobold comes into view. It is wielding a +0 club.
The kobold brigand throws a poisoned dart.
You block the poisoned dart.
The kobold moves out of view.
The jackal barely misses you.
You hit the jackal.
The jackal bites you but does no damage.
The jackal barely misses you.
You hit the jackal.
You kill the jackal!
Fedhas appreciates your contribution to the ecosystem.
You slash the kobold!
You kill the kobold!
Fedhas appreciates your contribution to the ecosystem.
You hear a splash.
The kobold brigand throws a poisoned dart.
The poisoned dart hits you!
You are poisoned.
You feel very sick.
You feel sick.
You hit the kobold brigand.
You feel sick.
You barely miss the kobold brigand.
You feel sick.
The kobold throws a poisoned dart.
The poisoned dart hits you!
You are more poisoned.
A kobold brigand comes into view.
It is wielding a +0 short sword and quivering poisoned darts.
You closely miss the kobold brigand.
The kobold brigand shouts!
You hit the kobold.
You kill the kobold!
Fedhas appreciates your contribution to the ecosystem.
You hear a splash. x2
You feel very sick. You block the kobold brigand's attack.
The kobold brigand throws a poisoned dart.
The poisoned dart hits you!
You are more poisoned.
You block the kobold brigand's attack.
You hit the kobold brigand but do no damage.
You feel very sick.
The kobold brigand hits you with a +0 short sword.
You hit the kobold brigand but do no damage.
You hit the kobold.
You feel very sick.
The kobold brigand hits you with a +0 short sword.
* * * LOW HITPOINT WARNING * * *
The kobold hits you but does no damage.
It was a potion of mutation.
You feel extremely strange.
You feel a little pissed off.
You feel insulated.
You feel sick.
The kobold brigand splashes around in the water.
The kobold hits you but does no damage.
The kobold splashes around in the water.
Unknown command.
It was a potion of haste.
You feel yourself speed up.
You feel sick.
The kobold brigand hits you with a +0 short sword.
* * * LOW HITPOINT WARNING * * *
The kobold splashes around in the water. x2
It was a potion of attraction.
You feel attractive to monsters.
You feel sick.
The kobold brigand splashes around in the water.
The kobold hits you but does no damage. x2
You closely miss the kobold brigand. You closely miss the kobold. x2
* * * LOW HITPOINT WARNING * * *
You feel sick.
The kobold brigand hits you with a +0 short sword.
* * * LOW HITPOINT WARNING * * *
The kobold closely misses you. The kobold hits you but does no damage.
A red film seems to cover your vision as you go berserk!
You feel yourself moving faster!
You feel mighty!
You slash the kobold brigand! You slash the kobold!
You kill the kobold!
Fedhas appreciates your contribution to the ecosystem.
You hear a splash.
You hit the kobold.
You kill the kobold!
Fedhas appreciates your contribution to the ecosystem.
You hear a splash.
You feel sick.
The kobold brigand hits you but does no damage.
You closely miss the kobold brigand. You hit the kobold brigand.
You feel sick.
The kobold brigand hits you with a +0 short sword.
* * * LOW HITPOINT WARNING * * *
You block the kobold brigand's attack.
You slash the kobold brigand! You barely miss the kobold brigand.
* * * LOW HITPOINT WARNING * * *
You feel sick. You block the kobold brigand's attack.
The kobold brigand hits you with a +0 short sword!
You die...
Fedhas appreciates your contribution to the ecosystem.

### ############ #∩#
#...≈...≈≈.###.### .
#.≈≈≈≈≈....≈.....#####
..#≈≈≈≈≈≈≈≈≈≈≈≈≈≈≈≈≈≈≈≈≈
...≈≈≈≈≈≈≈≈≈≈≈≈≈≈≈≈≈≈≈≈≈
#.≈≈≈≈≈≈≈≈≈≈≈≈≈≈≈≈≈≈≈≈
#≈.≈)K≈..≈.......#####
#.≈≈K@.≈.≈.#######
#########≈## #≈# #≈# #≈#
#≈# #≈# #≈# #≈#


You could see 2 kobold brigands.

Vanquished Creatures
  Jessica (D:2)
  Natasha (twice) (D:2)
  6 adders
  4 worms
  4 dart slugs
  3 endoplasms
  8 giant cockroaches
  5 goblins
  6 hobgoblins
  3 jackals
  2 quokkas
  4 ball pythons
  5 bats
  4 frilled lizards
  6 kobolds
  9 rats
72 creatures vanquished.

Notes
Turn   | Place    | Note
-------+----------+-------------------------------------------
     0 | D:1      | CryoSword the Demonspawn Fighter began the quest for the
                  | Orb.
     0 | D:1      | Reached XP level 1. HP: 18/18 MP: 1/1
    35 | D:1      | Reached skill level 2 in Axes
   272 | D:1      | Gained mutation: You are partially covered in rugged brown
                  | scales. (AC +1, +3% HP) [demonic ancestry]
   272 | D:1      | Reached XP level 2. HP: 18/24 MP: 2/2
   597 | D:1      | Found Zyhusk's Book Shoppe.
   826 | D:1      | Gained mutation: You have a pair of small antennae on your
                  | head. [demonic ancestry]
   826 | D:1      | Reached XP level 3. HP: 29/29 MP: 3/3
   857 | D:1      | Found a faded altar of an unknown god.
  1070 | D:2      | Reached skill level 3 in Axes
  1353 | D:2      | Noticed Natasha
  1357 | D:2      | Killed Natasha
  1358 | D:2      | Reached XP level 4. HP: 27/36 MP: 4/4
  1629 | D:2      | Found a blossoming altar of Fedhas.
  1827 | D:2      | Noticed Jessica
  1830 | D:2      | Killed Jessica
  1907 | D:2      | Became a worshipper of Fedhas Madash
  2016 | D:2      | Gained mutation: You have a pair of antennae on your head.
                  | [demonic ancestry]
  2016 | D:2      | Reached XP level 5. HP: 7/43 MP: 5/5
  2443 | D:2      | Noticed Natasha
  2454 | D:2      | Killed Natasha
  2455 | D:2      | Reached skill level 4 in Axes
  2890 | D:2      | Reached skill level 1 in Invocations
  3117 | D:3      | Reached * piety under Fedhas
  3183 | D:3      | Found a glowing drain.
  3313 | Sewer    | Entered a sewer
  3396 | Sewer    | Gained mutation: You tend to lose your temper in combat.
                  | [potion of mutation]
  3396 | Sewer    | Gained mutation: You are resistant to electric shocks.
                  | (rElec) [potion of mutation]
  3401 | Sewer    | HP: 2/64 [kobold brigand/+0 short sword (3)]
  3402 | Sewer    | Mangled by a kobold brigand

Illustrated notes

Levels and vault maps discovered:
D:1:      minmay_arrival_four_houses, layout_basic, serial_shops,
          shop_fountains, basic_ecumenical_altar, minmay_three_crescents
D:2:      layout_basic, basic_altar, kennysheep_generic_room_4, uniq_natasha,
          uniq_jessica
D:3:      layout_loops_ring, gup_sewer_entry_bubbles, minmay_circle_x,
          uniq_robin, uniq_ijyb
Sewer:    sewer_kobolds

Skill      XL: |  1  2  3  4  5 |
---------------+----------------+-----
Axes           | 2 3 4 |  4.1
Shields        | 3 |  3.4
Invocations    | 1 |  1.4
Fighting       | |  3.9
Armour         | |  2.6

Action                   |  1- 3 |  4- 6 || total
-------------------------+-------+-------++-------
Melee: War axe           |    84 |   165 ||   249
  Use: Potion            |       |     4 ||     4
Armor: Scale mail        |    48 |    80 ||   128
Dodge: Dodged            |    35 |    63 ||    98
Block: Buckler           |    17 |    31 ||    48
